 Dungeon Crawl Stone Soup version 0.31.0-9-g3a7656b989 (webtiles) character file.

Game seed: 8153244334757984921

63 qw the Shooter (level 3, -1/20 HPs)
             Began as a Deep Elf Hunter on Feb 2, 2024.
             Shot with an arrow by a centaur (4 damage)
             ... on level 3 of the Dungeon.
             The game lasted 00:00:06 (1708 turns).

qw the Shooter (Deep Elf Hunter)                    Turns: 1708, Time: 00:00:07

Health: -1/20      AC: 12    Str: 10    XL:     3   Next: 89%
Magic:  0/5        EV: 11    Int: 13    God:
Gold:   162        SH:  0    Dex: 18    Spells: 2/2 levels left

rFire   . . .        a - +0 shortbow
rCold   + . .        (shield currently unavailable)
rNeg    . . .        d - +4 ring mail {rC+}
rPois   .            (no helmet)
rElec   .            e - +2 cloak
rCorr   .            (no gloves)
SInv    .            (no boots)
Will    .....        i - amulet of guardian spirit
Stlth   +            (no ring)
HPRegen 0.23/turn    (no ring)
MPRegen 0.09/turn

%: guardian spirit
@: no status effects
A: no striking features
a: no special abilities


You were on level 3 of the Dungeon.
You visited 1 branch of the dungeon, and saw 3 of its levels.

You collected 162 gold pieces.


   Skills:
 - Level 1.5 Fighting
 + Level 7.3 Ranged Weapons
 - Level 2.4 Dodging
 - Level 1.2 Stealth


You had 2 spell levels left.
You didn't know any spells.
Your spell library was empty.

Inventory:

Hand Weapons
 a - a +0 shortbow (weapon)
Armour
 d - a +4 ring mail of cold resistance (worn)
 e - a +2 cloak (worn)
Jewellery
 i - an amulet of guardian spirit (around neck)
Scrolls
 b - a scroll of poison {unknown}
Potions
 c - a potion of magic {unknown}
 f - a potion of haste {unknown}
 h - a potion of resistance

Dungeon Overview and Level Annotations

Branches:
Dungeon (3/15)

Altars:
Nemelex Xobeh


Message History

The centaur shoots an arrow.
The arrow closely misses you.
The centaur shoots an arrow.
The arrow hits you.
An adder comes into view.
You shoot an arrow. The arrow hits the centaur!
The centaur is heavily wounded.
The centaur shoots an arrow.
The arrow hits you but does no damage.
You shoot an arrow. The arrow barely misses the centaur.
The centaur shoots an arrow.
The arrow hits you but does no damage.
You shoot an arrow.
The arrow hits the centaur but does no damage.
The centaur is moderately wounded.
The centaur shoots an arrow.
The arrow hits you!
You shoot an arrow.
The arrow hits the centaur but does no damage.
The centaur is moderately wounded.
The centaur shoots an arrow.
The arrow barely misses you.
The centaur shoots an arrow.
The arrow hits you but does no damage.
You shoot an arrow.
The arrow completely misses the centaur.
The centaur shoots an arrow.
The arrow barely misses you.
The centaur shoots an arrow.
The arrow hits you.
You shoot an arrow. The arrow barely misses the centaur.
The centaur shoots an arrow.
The arrow hits you.
The centaur shoots an arrow.
The arrow hits you.
You shoot an arrow. The arrow hits the centaur.
The centaur is heavily wounded.
The centaur shoots an arrow.
The arrow barely misses you.
The centaur shoots an arrow.
The arrow hits you but does no damage.
You shoot an arrow.
The arrow hits the centaur but does no damage.
The centaur is heavily wounded.
You shoot an arrow. The arrow hits the centaur.
The centaur is severely wounded.
The centaur shoots an arrow.
The arrow hits you but does no damage.
The centaur shoots an arrow.
The arrow hits you but does no damage.
You shoot an arrow.
The arrow hits the centaur but does no damage.
The centaur is severely wounded.
The centaur shoots an arrow.
The arrow hits you.
You die...

## ... ... ### ##.. # ...
# ## #.. ##... ##.. ....
.######..####.. ##
...Sc........... ####
#@####.... ...# #.........
...####### ##.#####...
.........######..##.......
.........#.......#.... ...
..........................
...................#.#...
.......................
..................##.#


You could see a centaur and an adder.

Vanquished Creatures
  A dart slug (D:1)
  A ribbon worm (D:3)
  An orc (D:3)
  2 ball pythons (D:1)
  5 bats
  6 endoplasms
  A giant cockroach (D:1)
  2 goblins (D:1)
  7 hobgoblins
  4 jackals (D:1)
  3 quokkas
  5 frilled lizards
  8 kobolds
  7 rats
53 creatures vanquished.

Notes
Turn   | Place    | Note
-------+----------+-------------------------------------------
     0 | D:1      | qw the Deep Elf Hunter began the quest for the Orb.
     0 | D:1      | Reached XP level 1. HP: 12/12 MP: 3/3
     0 | D:1      | 0 ||| qw: Version: 0.3-a-155-g5e7d8dd
     0 | D:1      | 0 ||| qw: Game counter: 1933
     0 | D:1      | 0 ||| qw: Melee chars always use a shield: true
     0 | D:1      | 0 ||| qw: God list: Okawaru
     0 | D:1      | 0 ||| qw: Allow faded altars: false
     0 | D:1      | 0 ||| qw: Do Orc after clearing Dungeon:15 true
     0 | D:1      | 0 ||| qw: Do second Lair branch before Depths: true
     0 | D:1      | 0 ||| qw: Lair rune preference: random
     0 | D:1      | 0 ||| qw: Goals: Normal
     0 | D:1      | 0 ||| PLANNING D:1-11
    86 | D:1      | Reached skill level 6 in Ranged Weapons
    86 | D:1      | Reached XP level 2. HP: 16/16 MP: 4/4
   263 | D:1      | Reached XP level 3. HP: 20/20 MP: 5/5
   591 | D:1      | 591 ||| UPGRADING to +1 ring mail of cold resistance.
   601 | D:1      | 601 ||| DROPPING +0 leather armour.
   602 | D:1      | 602 ||| UPGRADING to amulet of guardian spirit.
   607 | D:1      | 607 ||| READING scroll labelled XOURGH GIER.
   708 | D:1      | 708 ||| READING scroll labelled YROXYW VUHEDE.
   709 | D:1      | 709 ||| READING scroll labelled HUTHAOS JOSH.
   709 | D:1      | 709 ||| IDENTIFYING glowing golden potion
   710 | D:1      | 710 ||| READING scroll labelled LESMUA GOUH.
   711 | D:1      | 711 ||| DROPPING scroll of butterflies.
   712 | D:1      | 712 ||| DROPPING potion of brilliance.
   950 | D:2      | Reached skill level 7 in Ranged Weapons
  1372 | D:2      | 1372 ||| UPGRADING to +2 cloak.
  1377 | D:2      | 1377 ||| READING 2 scrolls of identify.
  1377 | D:2      | 1377 ||| IDENTIFYING bubbling pink potion
  1378 | D:2      | 1378 ||| READING scroll of identify.
  1378 | D:2      | 1378 ||| IDENTIFYING fizzy green potion
  1379 | D:2      | 1379 ||| READING 3 scrolls labelled FUSIKO TOLIYMO.
  1379 | D:2      | 1379 ||| ENCHANTING +1 ring mail of cold resistance.
  1380 | D:2      | 1380 ||| READING 2 scrolls of enchant armour.
  1380 | D:2      | 1380 ||| ENCHANTING +2 ring mail of cold resistance.
  1381 | D:2      | 1381 ||| READING scroll of enchant armour.
  1381 | D:2      | 1381 ||| ENCHANTING +3 ring mail of cold resistance.
  1382 | D:2      | 1382 ||| DROPPING potion of attraction.
  1493 | D:3      | Found a sparkling altar of Nemelex Xobeh.
  1694 | D:3      | Noticed a centaur
  1704 | D:3      | HP: 2/20 [centaur/arrow (4)]
  1708 | D:3      | Shot with an arrow by a centaur

Levels and vault maps discovered:
D:1:      denvon_arrival_planthouse, layout_basic, minmay_3d_cube
D:2:      layout_basic
D:3:      layout_rooms, lemuel_coloured_pillars_altar,
          shapermc_ecumenical_altar_mp_ritualfount

Skill      XL: |  1  2  3 |
---------------+----------+-----
Ranged Weapons | 6 7 |  7.3
Fighting       | |  1.5
Dodging        | |  2.4
Stealth        | |  1.2

Action                     || total
---------------------------++-------
   Fire: Shortbow          ||   147
    Use: Scroll            ||     9
 Armour: Leather armour    ||    14
         Ring mail         ||    17
  Dodge: Dodged            ||    26

Table legend:
 A = Non-vault XP
 B = Vault XP
 C = Vault XP percentage of total XP
 D = Non-vault monster count
 E = Vault monster count
 F = Vault count percentage of total count
                 A         B        C        D         E       F
            +---------+---------+-------+---------+---------+-------
      Total |      87 |       4 |   4.4 |      50 |       3 |   5.7
            +---------+---------+-------+---------+---------+-------
        D:1 |      49 |       4 |   7.5 |      28 |       3 |   9.7
        D:2 |      18 |       0 |   0.0 |      11 |       0 |   0.0
        D:3 |      20 |       0 |   0.0 |      11 |       0 |   0.0
            +---------+---------+-------+---------+---------+-------
